Map: Ascension to Aiur LE

Players

Zanster - Winner!

  • Race: Zerg Zerg
  • Spawn Location: 5:00

Sluskis

  • Race: Zerg Zerg
  • Spawn Location: 11:00

Event: WCS Jonkoping 2017

VOD

Have the link to the VOD?

Description

Time

  • Played on: June 17, 2017, 11:25 a.m.
  • Length: 8:12

All games in this series

Show
View Real Time Build Order
Export as new Build Order

Zanster Zerg - Winner!

Build Orders: Hatch First 

Get SALT Encoding   

  12  0:01  Drone  
  13  0:12  Overlord  
  13  0:17  Drone  
  14  0:31  Drone x2  
  14  0:34  Drone  
  17  0:52  Hatchery  
  17  0:55  Drone  
  17  0:59  Drone  
  18  1:10  Extractor  
  17  1:13  Spawning Pool  
  17  1:17  Drone  
  17  1:20  Drone  
  18  1:29  Drone  
  19  1:40  Overlord  
  19  2:01  Queen  
  19  2:02  Zergling x4  
  19  2:04  Queen  
  19  2:05  Zergling x2  
  26  2:10  Metabolic Boost  
  26  2:12  Drone  
  27  2:18  Drone  
  28  2:28  Drone  
  29  2:32  Drone  
  30  2:41  Queen x2  
  30  2:44  Overlord  
  34  2:45  Drone  
  34  2:52  Drone  
  34  2:53  Overlord  
  35  3:04  Spine Crawler  
  35  3:05  Drone x2  
  36  3:11  Zergling x6  
  39  3:16  Zergling x2  
  39  3:17  Zergling x4  
  42  3:26  Baneling Nest  
  40  3:29  Zergling x2  
  40  3:30  Zergling x4  
  43  3:43  Zergling x2  
  43  3:44  Zergling x8  
  43  3:56  Zergling x8  
  43  4:01  Zergling x2  
  41  4:05  Queen  
  40  4:10  Baneling x3  
  35  4:18  Queen  
  33  4:24  Zergling x2  
  33  4:28  Zergling x2  
  35  4:33  Baneling x2  
  35  4:37  Zergling x4  
  37  4:46  Queen  
  37  4:51  Baneling  
  37  4:52  Baneling  
  39  4:54  Queen  
  41  5:04  Zergling x6  
  41  5:05  Zergling x2  
  41  5:07  Baneling  
  45  5:09  Baneling  
  45  5:15  Overlord  
  44  5:25  Baneling x3  
  43  5:32  Zergling x2  
  45  5:36  Drone  
  45  5:37  Drone  
  45  5:40  Drone  
  45  5:41  Drone  
  49  5:45  Drone  
  49  5:46  Drone x3  
  51  5:54  Overlord  
  51  6:00  Drone  
  51  6:01  Drone x3  
  55  6:05  Drone x2  
  57  6:12  Lair  
  57  6:16  Overlord  
  56  6:24  Overlord  
  55  6:28  Extractor  
  55  6:29  Extractor  
  55  6:30  Zergling x6  
  55  6:38  Drone x6  
  58  6:45  Zergling x2  
  58  6:46  Zergling x2  
  56  6:52  Zergling x4  
  58  6:55  Extractor  
  58  7:01  Zergling x6  
  59  7:08  Spine Crawler x2  
  56  7:09  Spine Crawler  
  56  7:13  Spire  
  54  7:17  Zergling x8  
  54  7:20  Baneling  
  54  7:21  Baneling x4  
  58  7:27  Zergling x2  
  58  7:28  Zergling x4  
  61  7:31  Zergling x4  
  61  7:36  Overlord  
  63  7:46  Baneling x8  
  63  7:50  Zergling x2  
  63  7:51  Zergling x6  
Show
View Real Time Build Order
Export as new Build Order

Sluskis Zerg 

Build Orders: Hatch First 

Get SALT Encoding   

  12  0:00  Drone  
  13  0:14  Drone  
  14  0:20  Extractor  
  14  0:21  Drone  
  15  0:40  Hatchery  
  14  0:46  Extractor  
  14  0:47  Drone  
  14  1:01  Spawning Pool  
  13  1:05  Drone  
  14  1:12  Extractor, Drone  
  15  1:20  Overlord  
  15  1:48  Queen, Zergling x2  
  15  1:49  Zergling x4  
  15  1:52  Zergling x2  
  21  1:58  Metabolic Boost  
  21  2:03  Zergling x2  
  22  2:10  Zergling x2  
  23  2:23  Zergling x2  
  23  2:24  Zergling x4  
  26  2:40  Overlord  
  26  2:41  Zergling x4  
  28  2:47  Baneling Nest  
  26  3:04  Zergling x10  
  31  3:05  Zergling x2  
  31  3:09  Zergling x2  
  34  3:20  Zergling x4  
  35  3:30  Baneling  
  35  3:31  Baneling  
  35  3:40  Baneling  
  29  4:01  Zergling x14  
  27  4:23  Zergling x8  
  27  4:24  Zergling x2  
  29  4:35  Baneling x2  
  29  4:38  Zergling x4  
  31  4:51  Queen  
  34  4:52  Drone  
  34  4:53  Drone  
  35  5:03  Zergling x2  
  35  5:05  Overlord  
  32  5:31  Drone x6  
  32  5:32  Drone x2  
  40  5:40  Drone  
  40  5:41  Drone  
  42  5:51  Baneling x2  
  42  5:55  Roach Warren  
  40  6:06  Drone x3  
  40  6:07  Overlord  
  35  6:27  Baneling x2  
  34  6:37  Roach x3  
  34  6:38  Roach x3  
  44  6:45  Roach x3  
  34  6:54  Roach  
  34  6:55  Zergling x2  
  37  7:05  Zergling x4  
  37  7:06  Zergling x2  
  40  7:28  Baneling  
  40  7:29  Baneling  
  40  7:33  Zergling x10  
  45  7:42  Baneling x3  
  41  7:54  Baneling  
Tags
 
Add a new tag
Caveats
  • Supply blocks, unpowered buildings, or Contaminate may cause inaccurate times.
  • Supply counts are checked every 10 seconds.